 Dungeon Crawl Stone Soup version 0.29.0-4-gdea44cf6ec (webtiles) character file.

Game seed: 9785020811046733399

108 qw the Chopper (level 4, -6/26 HPs)
             Began as a Tengu Warper on Aug 28, 2022.
             Mangled by a gnoll
             ... wielding a +0 halberd
              (9 damage)
             ... on level 3 of the Dungeon.
             The game lasted 00:00:10 (2501 turns).

qw the Chopper (Tengu Warper)                       Turns: 2501, Time: 00:00:10

Health: -6/26      AC:  5    Str: 13    XL:     4   Next: 87%
Magic:  8/8        EV: 11    Int: 14    God:
Gold:   109        SH:  5    Dex: 13    Spells: 7/7 levels left

rFire   . . .      SeeInvis .   Y - +0 hand axe
rCold   . . .      Faith    .   (no shield)
rNeg    . . .      Spirit   .   d - +0 ring mail
rPois   .          Reflect  +   (helmet restricted)
rElec   .          Harm     .   (no cloak)
rCorr   .          Rampage  .   (no gloves)
Will    .....                   (boots unavailable)
Stlth   +.........              c - amulet of reflection
HPRegen 0.08/turn               (no ring)
MPRegen 0.11/turn               (no ring)

@: no status effects
A: beak, talons 3
a: no special abilities


You were on level 3 of the Dungeon.
You visited 1 branch of the dungeon, and saw 3 of its levels.

You collected 109 gold pieces.


Innate Abilities, Weirdness & Mutations

You have a beak for a mouth.
You have claws for feet.


   Skills:
 - Level 2.0 Fighting
 + Level 5.4 Axes
 - Level 1.0 Throwing
 - Level 1.1 Armour
 - Level 2.1 Dodging
 - Level 2.0 Spellcasting
 - Level 2.4 Translocations


You had 7 spell levels left.
You didn't know any spells.
Your spell library contained the following spells:

 Spells                   Type           Power      Damage    Failure   Level
 Blink                    Tloc           16%        N/A       28%         2
 Gell's Gravitas          Tloc           8%         N/A       50%         3
 Lesser Beckoning         Tloc           8%         N/A       50%         3
 Teleport Other           Tloc           8%         N/A       50%         3
 Manifold Assault         Tloc           8%         N/A       99%         5

Inventory:

Hand Weapons
 f - a +0 mace
 Y - a +0 hand axe (weapon)
Armour
 d - a +0 ring mail (worn)
Jewellery
 c - an amulet of reflection (around neck)
Scrolls
 a - a scroll of identify
Potions
 b - a potion of might
 g - a potion of degeneration {unknown}
 j - 3 potions of curing
 k - a potion of mutation {unknown}

Dungeon Overview and Level Annotations

Branches:
Dungeon (3/15)

Altars:


Message History

You hit the gnoll.
The gnoll is almost dead.
You miss the bat. The bat barely misses you. The bat misses you.
The gnoll hits you with a +0 halberd.
You closely miss the gnoll. You claw the gnoll.
You kill the gnoll!
You hit the bat. The bat closely misses you. The gnoll barely misses you.
You block the bat's attack.
You hit the bat.
You kill the bat!
You barely miss the gnoll. The gnoll barely misses you.
The gnoll hits you from afar with a +0 halberd!
You hit the gnoll. You claw the gnoll.
The gnoll is heavily wounded.
The gnoll hits you with a +0 whip. You block the gnoll's attack.
You barely miss the gnoll. You claw the gnoll, but do no damage.
You punch the gnoll.
The gnoll is severely wounded.
The gnoll barely misses you. The gnoll hits you with a +0 whip.
You hit the gnoll but do no damage. Your kick misses the gnoll.
Your punch misses the gnoll.
The gnoll is severely wounded.
The gnoll hits you but does no damage.
The gnoll hits you from afar with a +0 halberd.
You barely miss the gnoll.
The gnoll is severely wounded.
The gnoll hits you with a +0 whip. You block the gnoll's attack.
You hit the gnoll.
You kill the gnoll!
The gnoll misses you. You block the gnoll's attack.
Things that are here:
a +0 whip; a gnoll corpse You closely miss the gnoll.
You claw the gnoll!
The gnoll is heavily wounded.
The gnoll hits you with a +0 halberd!
You die...

#.###.#.#.# #.###.#.#.#
#.....#.#.# ####
#..####.#.####... .#####..#
#........#### .......##
#............
######.#####............
###.#...?.#..).......
#...#.....#..@.......
##.###.....#...g...... ###..#
#.....#..........
....####.....#..........
###>...%.....#.......... ########
#######....#######.#### #.......
#.....'.......# .# #.#####.
#...####.......# .. #.......
#...####.......#################.


You could see a gnoll.

Vanquished Creatures
  Jessica (D:2)
  2 adders (D:2)
  2 gnolls (D:3)
  2 dart slugs
  5 bats
  4 endoplasms
  2 giant cockroaches
  2 goblins (D:2)
  6 hobgoblins
  3 jackals (D:1)
  2 quokkas
  A ball python (D:1)
  4 frilled lizards
  A kobold (D:2)
  3 rats
40 creatures vanquished.

Notes
Turn   | Place    | Note
-------+----------+-------------------------------------------
     0 | D:1      | qw the Tengu Warper began the quest for the Orb.
     0 | D:1      | Reached XP level 1. HP: 12/12 MP: 4/4
     0 | D:1      | 0 ||| qw: Version: 0.1-a-89-g26bdef1
     0 | D:1      | 0 ||| qw: Game counter: 1176
     0 | D:1      | 0 ||| qw: Always use a shield: true
     0 | D:1      | 0 ||| qw: God list: Okawaru
     0 | D:1      | 0 ||| qw: Allow faded altars: false
     0 | D:1      | 0 ||| qw: Do Orc after D:15 true
     0 | D:1      | 0 ||| qw: Do second Lair branch before Depths: true
     0 | D:1      | 0 ||| qw: Lair rune preference: random
     0 | D:1      | 0 ||| qw: Plans: Normal
     0 | D:1      | 0 ||| PLANNING D:1-11
    27 | D:1      | You fall into a shaft and drop 1 floor!
    49 | D:2      | 49 ||| Stepping ~*~*~tactically~*~*~ (hiding).
   151 | D:2      | 151 ||| Stepping ~*~*~tactically~*~*~ (hiding).
   280 | D:2      | 280 ||| DROPPING +0 club.
   282 | D:2      | 282 ||| DROPPING scroll of blinking.
   558 | D:1      | Reached skill level 3 in Axes
   558 | D:1      | Reached XP level 2. HP: 17/17 MP: 6/6
   623 | D:1      | 623 ||| Stepping ~*~*~tactically~*~*~ (stealth).
   733 | D:1      | 733 ||| Stepping ~*~*~tactically~*~*~ (stealth).
   863 | D:1      | 863 ||| Stepping ~*~*~tactically~*~*~ (stealth).
   867 | D:1      | 867 ||| Stepping ~*~*~tactically~*~*~ (stealth).
   868 | D:1      | 868 ||| Stepping ~*~*~tactically~*~*~ (stealth).
   874 | D:1      | 874 ||| Stepping ~*~*~tactically~*~*~ (hiding).
  1038 | D:1      | Reached XP level 3. HP: 17/21 MP: 7/7
  1327 | D:1      | 1327 ||| UPGRADING to +0 ring mail.
  1337 | D:1      | 1337 ||| DROPPING +0 leather armour.
  1338 | D:1      | 1338 ||| READING scroll labelled XIMIYW GOITREDDI.
  1339 | D:1      | 1339 ||| READING scroll labelled PUWIDYULEA.
  1340 | D:1      | 1340 ||| READING scroll labelled LUNUID TUNKA.
  1344 | D:1      | 1344 ||| READING scroll labelled NOFICH WOIVVE.
  1345 | D:1      | 1345 ||| DRINKING 2 brown potions.
  1377 | D:2      | Noticed Jessica
  1387 | D:2      | Killed Jessica
  1388 | D:2      | Reached skill level 4 in Axes
  1581 | D:2      | Reached XP level 4. HP: 26/26 MP: 8/8
  1786 | D:2      | Reached skill level 5 in Axes
  2293 | D:2      | 2293 ||| UPGRADING to amulet of reflection.
  2298 | D:2      | 2298 ||| READING 2 scrolls labelled SIDORUSYHEM.
  2391 | D:3      | 2391 ||| Stepping ~*~*~tactically~*~*~ (stealth).
  2392 | D:3      | 2392 ||| Stepping ~*~*~tactically~*~*~ (stealth).
  2497 | D:3      | HP: 5/26 [gnoll/+0 halberd (2)]
  2498 | D:3      | HP: 2/26 [gnoll/+0 whip (3)]
  2501 | D:3      | Mangled by a gnoll

Levels and vault maps discovered:
D:1:      dpeg_arrival_tiny_a, layout_basic
D:2:      layout_basic, uniq_jessica
D:3:      layout_basic, shapermc_ecumenical_altar_mp_ritualfount,
          minmay_misc_feat_pillars, hangedman_decor_points, solitary_fountain

Skill      XL: |  1  2  3  4 |
---------------+-------------+-----
Axes           | 3 4 5 |  5.4
Fighting       | |  2.0
Throwing       | |  1.0
Armour         | |  1.1
Dodging        | |  2.1
Spellcasting   | |  2.0
Translocations | |  2.4

Action                   |  1- 3 |  4- 6 || total
-------------------------+-------+-------++-------
Melee: Hand axe          |    60 |    31 ||    91
       Peck              |     7 |     3 ||    10
       Kick              |    14 |     9 ||    23
       Punch             |       |     1 ||     1
Throw: Boomerang         |     7 |       ||     7
  Use: Scroll            |     4 |     1 ||     5
       Potion            |     1 |       ||     1
Armor: Leather armour    |    12 |       ||    12
       Ring mail         |     3 |     7 ||    10
Dodge: Dodged            |    31 |    19 ||    50
Block: Other             |       |     5 ||     5

Table legend:
 A = Non-vault XP
 B = Vault XP
 C = Vault XP percentage of total XP
 D = Non-vault monster count
 E = Vault monster count
 F = Vault count percentage of total count
                 A         B        C        D         E       F
            +---------+---------+-------+---------+---------+-------
      Total |     118 |      37 |  23.9 |      39 |       1 |   2.5
            +---------+---------+-------+---------+---------+-------
        D:1 |      34 |       0 |   0.0 |      19 |       0 |   0.0
        D:2 |      49 |      37 |  43.0 |      14 |       1 |   6.7
        D:3 |      35 |       0 |   0.0 |       6 |       0 |   0.0
            +---------+---------+-------+---------+---------+-------
